 Dungeon Crawl Stone Soup version 0.23-a0-577-g2b1de94 (webtiles) character file.

28 Leeroy the Charmwright (level 3, 0/29 HPs)
             Began as a Merfolk Skald on Dec 14, 2018.
             Slain by a hobgoblin
             ... wielding a +0 club
              (4 damage)
             ... on level 1 of the Dungeon.
             The game lasted 00:02:06 (567 turns).

Leeroy the Charmwright (Merfolk Skald)               Turns: 567, Time: 00:02:07

Health: 0/29       AC:  3    Str: 11    XL:     3   Next: 12%
Magic:  5/6        EV: 12    Int: 13    God:
Gold:   52         SH:  0    Dex: 13    Spells: 0/6 levels left

rFire    . . .     SeeInvis .   a - +0 falchion
rCold    . . .     Gourm    .   (no shield)
rNeg     . . .     Faith    .   b - +0 leather armour
rPois    .         Spirit   .   (no helmet)
rElec    .         Reflect  .   (no cloak)
rCorr    .         Harm     .   (no gloves)
MR       .....                  (no boots)
Stlth    +.........             (no amulet)
HPRegen  0.09/turn              (no ring)
MPRegen  0.10/turn              (no ring)

@: very slightly contaminated
A: change form in water, swift swim, stealthy swim
a: no special abilities


You were on level 1 of the Dungeon.
You were not hungry.

You visited 1 branch of the dungeon, and saw 1 of its levels.

You collected 52 gold pieces.

Inventory:

Hand Weapons
 a - a +0 falchion (weapon)
Missiles
 e - 17 bolts
 f - 23 arrows
 i - 25 sling bullets
Armour
 b - a +0 leather armour (worn)
 o - a +0 pair of gloves
Scrolls
 g - a scroll of amnesia {unknown}
 j - a scroll of fog {unknown}
 l - a scroll of remove curse {unknown}
 m - a scroll of teleportation {unknown}
Potions
 c - a potion of invisibility {unknown}
 h - a potion of cancellation {unknown}
 n - a potion of curing {unknown}
Comestibles
 d - a ration
 k - 3 chunks of flesh


   Skills:
 + Level 3.0 Fighting
 + Level 2.5 Long Blades
 + Level 0.6 Armour
 + Level 3.1 Dodging
 + Level 2.0 Spellcasting
 + Level 3.6 Charms


You couldn't memorise any spells.
You knew the following spells:

 Your Spells              Type           Power        Failure   Level  Hunger
a - Infusion              Chrm           ##..         8%          1    ##.....
b - Shroud of Golubria    Chrm/Tloc      #.........   24%         2    ###....
c - Spectral Weapon       Hex/Chrm       #.......     43%         3    ####...

Your spell library contained the following spells:

 Spells                   Type           Power        Failure   Level  Hunger
 Song of Slaying          Chrm           ##......     12%         2    ###....
 Regeneration             Chrm/Necr      #.........   43%         3    ####...


Dungeon Overview and Level Annotations

Branches:
Dungeon (1/15)

Altars:


Message History

You see here 9 gold pieces.
You now have 52 gold pieces (gained 9).
You see here a pair of gloves.
o - a pair of gloves The hobgoblin barely misses you.
You completely miss the hobgoblin. The hobgoblin hits you with a +0 club.
* * * LOW HITPOINT WARNING * * *
Casting: Infusion (safe; 8% risk of failure)
Confirm with . or Enter, or press ? or * to list all spells.
You miscast Infusion.
You are very lightly contaminated with residual magic.
Nothing appears to happen.
The hobgoblin misses you.
You hit the hobgoblin but do no damage. The hobgoblin closely misses you.
You barely miss the hobgoblin. The hobgoblin closely misses you.
You riposte.
You closely miss the hobgoblin. You closely miss the hobgoblin.
The hobgoblin barely misses you.
You barely miss the hobgoblin. The hobgoblin hits you with a +0 club.
* * * LOW HITPOINT WARNING * * *
You closely miss the hobgoblin. The hobgoblin hits you with a +0 club.
You die...

...........#.##....#
#...
........##.#.##....#
#...
##########....#....#
#... ###.......#
##...
##.#....###....
######.#....##.....
...##.#.#)###.....
###.##.#.#.........
#.@g...#.#....#+###
#......#.##.#.##...#
#......#.##.# #.....
#......#.####
#.......> .......#..
#........ ..###.....
......... # #......
##........ #.....#
...... ......


You could see a hobgoblin.

Vanquished Creatures
  A dart slug (D:1)
  A leopard gecko (D:1)
  3 bats (D:1)
  A giant cockroach (D:1)
  A goblin (D:1)
  3 hobgoblins (D:1)
  7 jackals (D:1)
  A frilled lizard (D:1)
  4 rats (D:1)
22 creatures vanquished.

Notes
Turn   | Place    | Note
-------+----------+-------------------------------------------
     0 | D:1      | Leeroy the Merfolk Skald began the quest for the Orb.
     0 | D:1      | Reached XP level 1. HP: 16/16 MP: 3/3
    79 | D:1      | Reached XP level 2. HP: 8/23 MP: 1/5
    92 | D:1      | Learned a level 2 spell: Shroud of Golubria
   504 | D:1      | Reached XP level 3. HP: 23/29 MP: 6/6
   525 | D:1      | Learned a level 3 spell: Spectral Weapon
   567 | D:1      | Slain by a hobgoblin

Vault maps used:
D:1:      psy_arrival_whirlpool, chequers_serial_rivers_micro_c, st_stairs_4

Skill      XL: |  1  2 |
---------------+-------+-----
Fighting       | 3 |  3.0
Dodging        | 3 |  3.1
Long Blades    | |  2.5
Armour         | |  0.6
Spellcasting   | |  2.0
Charms         | |  3.6

Action                   || total
-------------------------++-------
Melee: Falchion          ||    61
 Cast: Infusion          ||     2
Armor: Leather armour    ||    24
Dodge: Dodged            ||    71
       Rpst.: Falchion   ||    24

Table legend:
 A = Non-vault XP
 B = Vault XP
 C = Vault XP percentage of total XP
 D = Non-vault monster count
 E = Vault monster count
 F = Vault count percentage of total count
                 A         B        C        D         E       F
            +---------+---------+-------+---------+---------+-------
      Total |      33 |       7 |  17.5 |      19 |       3 |  13.6
            +---------+---------+-------+---------+---------+-------
        D:1 |      33 |       7 |  17.5 |      19 |       3 |  13.6
            +---------+---------+-------+---------+---------+-------
